 Dungeon Crawl Stone Soup version 0.29-a0-23-ga79f92ac9c (webtiles) character file.

Game seed: 15521136919773747294

336 riojii the Ducker (level 6, -3/45 HPs)
             Began as a Djinni Air Elementalist on Jan 30, 2022.
             Killed by divine providence
             ... invoked by an orc priest
              (9 damage)
             ... on level 4 of the Dungeon.
             The game lasted 00:05:25 (5328 turns).

riojii the Ducker (Djinni Air Elementalist)         Turns: 5328, Time: 00:05:26

Health: -3/45      AC:  6    Str:  7    XL:     6   Next: 84%
Gold:   95         EV: 17    Int: 18    God:
                   SH:  5    Dex: 14

rFire   + + .      SeeInvis .   (no weapon)
rCold   x . .      Faith    .   (no shield)
rNeg    . . .      Spirit   .   a - +0 robe
rPois   ∞          Reflect  +   (no helmet)
rElec   .          Harm     .   (no cloak)
rCorr   .          Rampage  .   (no gloves)
Will    +....                   (boots unavailable)
Stlth   ++........              q - amulet of reflection
HPRegen 0.15/turn               d - +4 ring of protection
MPRegen 0.00/turn               g - +4 ring of evasion

@: flying
A: sickness immunity, fire resistance 2, cold vulnerability 1, float, innate
caster, HP casting, extra vitality 1, strong-willed 1, mutation resistance 1
a: no special abilities


You were on level 4 of the Dungeon.
You visited 1 branch of the dungeon, and saw 4 of its levels.
You also visited: Sewer.

You collected 95 gold pieces.

Inventory:

Armour
 a - a +0 robe (worn)
 f - a +1 leather armour
Jewellery
 d - a +4 ring of protection (left hand)
 e - a ring of fire
 g - a +4 ring of evasion (right hand)
 q - an amulet of reflection (around neck)
Scrolls
 i - a scroll of teleportation {unknown}
 l - a scroll of fog {unknown}
Potions
 b - a potion of flight {unknown}
 c - a potion of degeneration {unknown}
 h - a potion of curing {unknown}
 j - a potion of mutation
 k - a potion of haste {unknown}
 n - a potion of resistance {unknown}
 o - 2 potions of brilliance
 p - a potion of attraction {unknown}


   Skills:
 + Level 2.9 Fighting
 + Level 3.0 Armour
 + Level 4.1 Dodging
 - Level 1.5 Stealth
 + Level 3.3 Spellcasting


You couldn't memorise any spells.
You knew the following spells:

 Your Spells              Type           Power      Damage    Failure   Level
a - Shock                 Conj/Air       60%        1d6       4%          1
b - Static Discharge      Conj/Air       15%        N/A       6%          2
c - Swiftness             Air            15%        N/A       12%         3
d - Airstrike             Air            7%         N/A       36%         4
e - Sandblast             Erth           30%        2d9       4%          1
f - Wereblood             Tmut           15%        N/A       6%          2
Your spell library was empty.

Dungeon Overview and Level Annotations

Branches:
Dungeon (4/15)              Sewer (visited)
 Temple: D:4-7

Altars:
Ru

Shops:
D:2 [


Innate Abilities, Weirdness & Mutations

You are immune to sickness and miasma.
You are immune to poison.
Your flesh is very heat resistant. (rF++)
You are vulnerable to cold. (rC-)
You float through the air rather than walking.
You learn spells naturally, not from books.
Your magical power is your life essence.
You have superior vitality. (+4 MHP)
You are strong-willed. (Will+)
You are somewhat resistant to further mutation.


Message History

You reach down and open the door. 4 orcs come into view.
The orc shouts! x2
An orc priest comes into view. It is wielding a +0 hand axe.
The orc moves out of view.
Found a scroll labelled CINIKERUNG.
Casting: Shock (safe; 4% risk of failure)
Confirm with . or Enter, or press ? or * to list all spells.
The orc is struck by an arc of lightning.
You kill the orc!
You are struck by an arc of lightning.
The lightning grounds out.
The orc shouts!
The orc priest calls down the wrath of Beogh upon you.
Beogh smites you!
Casting: Static Discharge (safe; 6% risk of failure)
Confirm with . or Enter, or press ? or * to list all spells.
You can't see any susceptible monsters within range! (Use Z to cast anyway.)
The orc priest calls down the wrath of Beogh upon you.
Beogh smites you!
There is an open door here.
Things that are here:
a +0 whip; an orc corpse
Casting: Static Discharge (safe; 6% risk of failure)
Confirm with . or Enter, or press ? or * to list all spells.
The orc priest is struck by an arc of lightning.
The orc priest is moderately wounded.
You are struck by an arc of lightning.
The lightning grounds out.
The orc priest hits you with a +0 hand axe.
* * * LOW HITPOINT WARNING * * *
Casting: Static Discharge (safe; 6% risk of failure)
Confirm with . or Enter, or press ? or * to list all spells.
The orc priest is struck by an arc of lightning!
The orc priest is almost dead.
You are struck by an arc of lightning.
* * * LOW HITPOINT WARNING * * *
The lightning grounds out.
* * * LOW HITPOINT WARNING * * *
The orc priest calls down the wrath of Beogh upon you.
Beogh smites you!
You die...

#..............#...
##.............#...
#..........^..###.
#.###############.
#.# #......##. #.#
#......##. #.#
#......##. #.#
#......##. #@#
#......##.
#..ooo....##...>..##.
#....o....++.........
#.........##......#..
#.........##......#..
#....?....#########..
########### ###'#
#.... #....


You could see an orc priest and 3 orcs.

Vanquished Creatures
  A water moccasin (Sewer)
  A scorpion (D:4)
  An orc priest (D:4)
  An iguana (D:4)
  4 adders
  A worm (D:4)
  A dart slug (D:3)
  11 orcs
  4 ball pythons
  3 bats
  8 endoplasms
  4 giant cockroaches
  3 goblins
  3 hobgoblins
  5 jackals
  3 kobolds
  3 quokkas
  2 frilled lizards
  7 rats
66 creatures vanquished.

Vanquished Creatures (others)
  2 plants (D:1)
2 creatures vanquished.

Grand Total: 68 creatures vanquished

Notes
Turn   | Place    | Note
-------+----------+-------------------------------------------
     0 | D:1      | riojii the Djinni Air Elementalist began the quest for the
                  | Orb.
     0 | D:1      | Reached XP level 1. HP: 15/15 MP: 0/0
   511 | D:1      | Reached XP level 2. HP: 12/22 MP: 0/0
  1317 | D:1      | Found a faded altar of an unknown god.
  1523 | D:2      | Found Celerche's Armour Shop.
  1585 | D:2      | Reached skill level 1 in Fighting
  1585 | D:2      | Reached skill level 1 in Armour
  1585 | D:2      | Reached XP level 3. HP: 2/27 MP: 0/0
  1585 | D:2      | Learned a level 1 spell: Sandblast
  2427 | D:2      | Reached XP level 4. HP: 18/32 MP: 0/0
  3296 | D:3      | Reached skill level 3 in Dodging
  3510 | D:3      | Found a sacrificial altar of Ru.
  3967 | D:3      | Found a glowing drain.
  3976 | Sewer    | Entered a sewer
  4037 | Sewer    | Noticed a water moccasin
  4043 | Sewer    | Killed a water moccasin
  4044 | Sewer    | Reached XP level 5. HP: 21/39 MP: 0/0
  4044 | Sewer    | Learned a level 2 spell: Wereblood
  4044 | Sewer    | Reached XP level 6. HP: 24/45 MP: 0/0
  4547 | D:3      | Gained mutation: You are strong-willed. (Will+) [potion of
                  | mutation]
  4547 | D:3      | Gained mutation: You are somewhat resistant to further
                  | mutation. [potion of mutation]
  4834 | D:4      | Reached skill level 4 in Dodging
  5328 | D:4      | Killed from afar by an orc priest

Illustrated notes

Levels and vault maps discovered:
D:1:      eino_arrival_tree_alley, layout_basic,
          shapermc_ecumenical_altar_mp_vishouse, chequers_big_river
D:2:      layout_loops_corners, serial_shops, shop, nrook_mini_backslash,
          st_stairs_13, hex_medium
D:3:      layout_loops_ring, general_overflow_altar, portal_sewer_entry_d
D:4:      layout_basic, chequers_avenue

Skill      XL: |  1  2  3  4  5  6 |
---------------+-------------------+-----
Fighting       | 1 2 |  2.9
Armour         | 1 2 3 |  3.0
Dodging        | 3 4 |  4.1
Spellcasting   | 3 |  3.3
Stealth        | |  1.5

Action                   |  1- 3 |  4- 6 || total
-------------------------+-------+-------++-------
 Cast: Shock             |    60 |    77 ||   137
       Static Discharge  |    10 |    19 ||    29
  Use: Scroll            |       |     8 ||     8
       Potion            |       |     1 ||     1
Armor: Robe              |     2 |     4 ||     6
Dodge: Dodged            |    10 |     7 ||    17

Table legend: (Time is in decaauts)
 A = Elapsed time spent in this place.
 B = Non-inter-level travel time spent in this place.
 C = Inter-level travel time spent in this place.
 D = Time resting spent in this place.
 E = Time spent auto-exploring this place.
 F = Levels seen in this place.
 G = Mean time per level.
                   A        B        C        D        E       F      G
               +--------+--------+--------+--------+--------+-----+--------+
         Total |   5326 |   5255 |     71 |    286 |   4586 |   5 | 1065.2 |
       Dungeon |   5049 |   4978 |     71 |    286 |   4340 |   4 | 1262.2 |
         Sewer |    276 |    276 |      0 |      0 |    246 |   1 |  276.0 |
               +--------+--------+--------+--------+--------+-----+--------+

Top non-repeatable levels by time:
     D:2: 1900 daAuts
     D:1: 1389 daAuts
     D:3: 1005 daAuts
     D:4: 754 daAuts
   Sewer: 276 daAuts
